Capitals vs Blues

Created - November 30, 2024 at 09:11

Goals
1 2 3 T
Capitals 0 3 2 5
Blues 1 1 2 4
Shots
1 2 3 T
Capitals 11 11 12 34
Blues 12 12 13 37

1st period

1. Blues , Nathan MacKinnon 13 (Brandon Montour 2) at 2:37

Penalties :
Nathan MacKinnon (Stl) for Delaying the game (Minor) at 0:09, Nikolaj Ehlers (Stl) for Roughing (Minor) at 12:23, Taylor Hall (Was) for Hooking (Minor) at 16:53

2nd period

2. Capitals , Sergey Kalinin 3 (Jeff Skinner 3) at 3:14
3. Capitals , Phil Kessel 2 (Shea Theodore 4, Jeff Skinner 4) at 8:38
4. Capitals , Patrick Kane 12 (Taylor Hall 8, Nicklas Backstrom 16) at 12:32 (PP)
5. Blues , Nathan MacKinnon 14 (Brandon Montour 3) at 14:57

Penalties :
Mike Green (Was) for Tripping (Minor) at 6:09, Josh Morrissey (Stl) for Tripping (Minor) at 12:20, Nicolas Aube-Kubel (Was) for High sticking (Minor) at 15:49, Carey Price (Stl) for Slashing (Minor) at 18:46 - Nikolaj Ehlers served the penalty

3rd period

6. Blues , Filip Forsberg 11 (Nathan MacKinnon 13) at 1:03
7. Capitals , Marko Dano 5 (Cody Hodgson 3, Brandon Gormley 9) at 2:32 (PP)
8. Capitals , Joe Colborne 4 (Marko Dano 5, Shea Theodore 5) at 6:58
9. Blues , David Perron 2 (Nick Schmaltz 4) at 16:31

Penalties :
Seth Jones (Stl) for Tripping (Minor) at 1:55, Drew Shore (Stl) for Tripping (Minor) at 17:14

Goalie Stats

Cory Schneider (Was), 33 saves from 37 shots - (0.892), W, 6-7-2, 60:00 minutes
Carey Price (Stl), 29 saves from 34 shots - (0.853), L, 9-4-0, 59:22 minutes

Players Stats for Capitals

Player Name              G  A  P  +/- PIM S  H  SB GA TA FO     MP     PP MP  PK MP  
------------------------------------------------------------------------------------
Alexei Marchenko         0  0  0  -3  0   6  0  4  0  1  0/0    29:16   5:22   3:22 
Blake Pietila            0  0  0   0  0   2  2  0  1  1  0/0    11:23   0:08   0:28 
Bobby Ryan               0  0  0   1  0   2  2  0  0  0  0/0    16:15   3:55   0:00 
Brandon Burlon           0  0  0   1  0   1  2  4  1  1  0/0    12:16   0:00   0:46 
Brandon Gormley          0  1  1  -3  0   1  1  4  0  1  0/0    29:09   5:22   3:15 
Cody Hodgson             0  1  1   0  0   0  1  0  0  1  3/9    13:11   3:55   0:57 
Colten Teubert           0  0  0   0  0   0  2  1  0  0  0/0    11:12   0:00   0:12 
Jeff Skinner             0  2  2   0  0   1  0  0  0  0  0/0     7:03   0:00   1:07 
Joe Colborne             1  0  1   1  0   3  2  1  0  0  9/19   14:29   0:02   0:00 
Marko Dano               1  1  2   1  0   5  0  0  1  1  1/1    18:11   3:49   2:02 
Mike Green               0  0  0   1  2   2  0  1  1  0  0/0    18:25   3:23   1:29 
Nicklas Backstrom        0  1  1  -2  0   1  1  0  0  0  12/35  22:00   4:48   1:23 
Nicolas Aube-Kubel       0  0  0   0  2   1  1  0  0  0  0/1    10:53   0:02   0:00 
Patrick Kane             1  0  1  -2  0   3  2  1  1  1  4/7    25:01   4:48   3:37 
Phil Kessel              1  0  1   0  0   2  2  0  0  1  0/0     5:56   0:00   0:00 
Sergey Kalinin           1  0  1   0  0   1  0  0  0  0  1/2     5:56   0:00   0:00 
Shea Theodore            0  2  2   2  0   1  0  1  0  0  0/0    19:59   3:23   2:50 
Taylor Hall              0  1  1  -2  2   2  0  0  0  1  0/1    23:25   4:48   2:20 

Players Stats for Blues

Player Name              G  A  P  +/- PIM S  H  SB GA TA FO     MP     PP MP  PK MP  
------------------------------------------------------------------------------------
Adam Henrique            0  0  0   0  0   3  0  0  1  0  7/14   12:55   2:09   0:48 
Brandon Montour          0  2  2   2  0   1  0  0  0  1  0/0    19:32   0:00   5:39 
Cody Ceci                0  0  0  -2  0   0  1  2  1  0  0/0    27:21   0:00   5:39 
David Perron             1  0  1   0  0   7  2  0  1  0  1/1    14:50   1:43   1:02 
Devin Shore              0  0  0   1  0   0  3  0  2  0  6/9    14:46   0:22   2:03 
Dominik Simon            0  0  0   0  0   2  0  0  0  0  0/0     6:44   1:15   0:00 
Drew Shore               0  0  0   0  2   0  0  1  1  0  2/6     9:45   0:00   4:06 
Ethan Bear               0  0  0   2  0   0  1  0  0  0  0/0    13:12   3:16   0:00 
Filip Forsberg           1  0  1   0  0   4  0  0  0  1  3/4    21:47   2:32   1:55 
Jordan Kyrou             0  0  0   0  0   0  0  0  0  0  0/0     5:27   0:00   0:00 
Josh Morrissey           0  0  0   1  2   1  4  0  0  0  0/0    21:40   2:41   3:06 
Jujhar Khaira            0  0  0   0  0   1  1  0  0  0  0/1    12:17   0:27   0:00 
Nathan MacKinnon         2  1  3   1  2   6  0  0  1  1  23/36  19:06   3:26   0:00 
Nick Schmaltz            0  1  1   0  0   6  0  2  0  0  1/1    16:37   0:51   5:33 
Nikolaj Ehlers           0  0  0   0  2   2  2  1  0  1  1/2    18:53   1:40   0:00 
Seth Jones               0  0  0  -3  2   3  1  1  0  1  0/0    24:58   3:16   3:06 
Teuvo Teravainen         0  0  0   1  0   1  2  0  2  0  1/1    18:05   3:26   2:03 
Travis Sanheim           0  0  0   2  0   0  2  0  0  0  0/0    13:15   2:41   0:00 

3 Stars

1 - Nathan MacKinnon (Stl)
2 - Marko Dano (Was)
3 - Shea Theodore (Was)

Power Play

Capitals - 2 on 6 Attempt(s) - 33.33%
Blues - 0 on 3 Attempt(s) - 0.00%

Penalty Kill

Capitals - 3 on 3 Attempt(s) - 100.00% - Score 0 goal in Penalty Kill
Blues - 4 on 6 Attempt(s) - 66.67% - Score 0 goal in Penalty Kill

Team Stat

Capitals - Hits : 18 - Faceoff Wins : 30 - Blocked Shots : 17 - Penalty Minutes : 6
Blues - Hits : 19 - Faceoff Wins : 45 - Blocked Shots : 7 - Penalty Minutes : 12

Official

Referees : Kelly Sutherland and Jacob Brenk
Linesman : Kory Nagy and Bevan Mills

Game Notes

12:32 of 2nd period - Capitals goal is going for a video replay. After video review, Goal.

Finance

Level 1 -- Attendance: 5710 (95.17%) -- Ticket Income $571,000
Level 2 -- Attendance: 4777 (95.54%) -- Ticket Income $334,390
Level 3 -- Attendance: 2000 (100.00%) -- Ticket Income $80,000
Level 4 -- Attendance: 3933 (98.33%) -- Ticket Income $117,990
Luxury Box -- Attendance: 1000 (100.00%) -- Ticket Income $200,000
Game was played at the Enterprise Center.
Total Attendance: 17420 (96.78%)
Total Ticket Income: $1,303,380
Other Income: $195,507
Total Income: $1,498,887

Capitals

5 vs 5 Forward 
   Center                   Left Wing                Right Wing               Time % Phy DF OF 
 1 Nicklas Backstrom        Taylor Hall              Patrick Kane             40     0   1  4  
 2 Joe Colborne             Marko Dano               Bobby Ryan               30     0   1  4  
 3 Cody Hodgson             Blake Pietila            Nicolas Aube-Kubel       20     0   1  4  
 4 Sergey Kalinin           Jeff Skinner             Phil Kessel              10     0   2  3  

5 vs 5 Defense 
   Defense                  Defense                                           Time % Phy DF OF 
 1 Brandon Gormley          Alexei Marchenko                                  40     0   2  3  
 2 Mike Green               Shea Theodore                                     30     0   2  3  
 3 Colten Teubert           Brandon Burlon                                    20     0   3  2  
 4 Brandon Gormley          Alexei Marchenko                                  10     0   3  2  

PowerPlay Forward 
   Center                   Left Wing                Right Wing               Time % Phy DF OF 
 1 Nicklas Backstrom        Taylor Hall              Patrick Kane             60     0   0  5  
 2 Cody Hodgson             Marko Dano               Bobby Ryan               40     0   0  5  

PowerPlay Defense
   Defense                  Defense                                           Time % Phy DF OF 
 1 Brandon Gormley          Alexei Marchenko                                  60     0   2  3  
 2 Mike Green               Shea Theodore                                     40     0   2  3  

Penalty Kill 4 Players Forward 
   Center                   Wing                     Time % Phy DF OF 
 1 Patrick Kane             Taylor Hall              60     0   4  1  
 2 Nicklas Backstrom        Marko Dano               40     0   4  1  

Penalty Kill 4 Players Defense
   Defense                  Defense                  Time % Phy DF OF 
 1 Brandon Gormley          Alexei Marchenko         60     0   4  1  
 2 Mike Green               Shea Theodore            40     0   4  1  

Penalty Kill - 3 Players Forward 
   Forward                                           Time % Phy DF OF 
 1 Patrick Kane                                      60     0   5  0  
 2 Taylor Hall                                       40     0   5  0  

Penalty Kill - 3 Players Defense
   Defense                  Defense                  Time % Phy DF OF 
 1 Brandon Gormley          Alexei Marchenko         60     0   5  0  
 2 Mike Green               Shea Theodore            40     0   5  0  

4 vs 4 Forward 
   Center                   Wing                     Time % Phy DF OF 
 1 Patrick Kane             Taylor Hall              60     0   1  4  
 2 Nicklas Backstrom        Marko Dano               40     0   1  4  

4 vs 4 Defense
   Defense                  Defense                  Time % Phy DF OF 
 1 Brandon Gormley          Alexei Marchenko         60     0   3  2  
 2 Mike Green               Shea Theodore            40     0   3  2  

Last Minutes Offensive
   Center                   Left Wing                Right Wing               Defense                  Defense                  
   Nicklas Backstrom        Taylor Hall              Patrick Kane             Brandon Gormley          Alexei Marchenko         

Last Minutes Defensive
   Center                   Left Wing                Right Wing               Defense                  Defense                  
   Nicklas Backstrom        Taylor Hall              Patrick Kane             Brandon Gormley          Alexei Marchenko         

Goaltenders
Starting : Cory Schneider           
Backup : Chet Pickard             

Extra Forwards
Normal : Taylor Hall, Patrick Kane, Marko Dano - PP : Taylor Hall, Patrick Kane - PK : Patrick Kane
Extra Defensemen
Normal : Brandon Gormley, Shea Theodore, Alexei Marchenko - PP : Shea Theodore - PK : Alexei Marchenko, Brandon Gormley
Penalty Shots
Patrick Kane, Taylor Hall, Nicklas Backstrom, Marko Dano, Jeff Skinner
Custom OT Lines Forwards
Patrick Kane, Taylor Hall, Nicklas Backstrom, Marko Dano, Jeff Skinner, Cody Hodgson, Blake Pietila, Bobby Ryan, Joe Colborne, 
Custom OT Lines Defensemen
Brandon Gormley, Alexei Marchenko, Mike Green, Shea Theodore, Colten Teubert

Scratches
None

Blues

5 vs 5 Forward 
   Center                   Left Wing                Right Wing               Time % Phy DF OF 
 1 Nathan MacKinnon         Filip Forsberg           Nikolaj Ehlers           40     0   2  3  
 2 Devin Shore              Jujhar Khaira            Teuvo Teravainen         30     0   2  3  
 3 Adam Henrique            David Perron             Nick Schmaltz            20     1   2  2  
 4 Drew Shore               Dominik Simon            Jordan Kyrou             10     0   3  2  

5 vs 5 Defense 
   Defense                  Defense                                           Time % Phy DF OF 
 1 Seth Jones               Cody Ceci                                         40     1   2  2  
 2 Josh Morrissey           Brandon Montour                                   30     1   2  2  
 3 Ethan Bear               Travis Sanheim                                    20     1   2  2  
 4 Josh Morrissey           Cody Ceci                                         10     1   2  2  

PowerPlay Forward 
   Center                   Left Wing                Right Wing               Time % Phy DF OF 
 1 Nathan MacKinnon         Filip Forsberg           Teuvo Teravainen         60     0   2  3  
 2 Adam Henrique            David Perron             Nikolaj Ehlers           40     0   2  3  

PowerPlay Defense
   Defense                  Defense                                           Time % Phy DF OF 
 1 Seth Jones               Ethan Bear                                        60     0   2  3  
 2 Josh Morrissey           Travis Sanheim                                    40     0   2  3  

Penalty Kill 4 Players Forward 
   Center                   Wing                     Time % Phy DF OF 
 1 Drew Shore               Nick Schmaltz            60     1   3  1  
 2 Devin Shore              Teuvo Teravainen         40     1   3  1  

Penalty Kill 4 Players Defense
   Defense                  Defense                  Time % Phy DF OF 
 1 Brandon Montour          Cody Ceci                60     1   2  2  
 2 Josh Morrissey           Seth Jones               40     1   2  2  

Penalty Kill - 3 Players Forward 
   Forward                                           Time % Phy DF OF 
 1 Drew Shore                                        60     1   2  2  
 2 Devin Shore                                       40     1   2  2  

Penalty Kill - 3 Players Defense
   Defense                  Defense                  Time % Phy DF OF 
 1 Cody Ceci                Brandon Montour          60     1   2  2  
 2 Seth Jones               Josh Morrissey           40     1   2  2  

4 vs 4 Forward 
   Center                   Wing                     Time % Phy DF OF 
 1 Nathan MacKinnon         Filip Forsberg           60     1   2  2  
 2 Devin Shore              Nikolaj Ehlers           40     1   2  2  

4 vs 4 Defense
   Defense                  Defense                  Time % Phy DF OF 
 1 Seth Jones               Brandon Montour          60     1   2  2  
 2 Cody Ceci                Josh Morrissey           40     1   2  2  

Last Minutes Offensive
   Center                   Left Wing                Right Wing               Defense                  Defense                  
   Nathan MacKinnon         Filip Forsberg           Nikolaj Ehlers           Seth Jones               Travis Sanheim           

Last Minutes Defensive
   Center                   Left Wing                Right Wing               Defense                  Defense                  
   Drew Shore               Jujhar Khaira            Teuvo Teravainen         Brandon Montour          Cody Ceci                

Goaltenders
Starting : Carey Price              
Backup : Jake Oettinger           

Extra Forwards
Normal : Jordan Kyrou, Nikolaj Ehlers, Drew Shore - PP : David Perron, Teuvo Teravainen - PK : Filip Forsberg
Extra Defensemen
Normal : Cody Ceci, Travis Sanheim, Seth Jones - PP : Cody Ceci - PK : Seth Jones, Travis Sanheim
Penalty Shots
Jordan Kyrou, David Perron, Filip Forsberg, Teuvo Teravainen, Devin Shore
Custom OT Lines Forwards
Filip Forsberg, Nathan MacKinnon, Teuvo Teravainen, Nikolaj Ehlers, David Perron, Devin Shore, Adam Henrique, Jujhar Khaira, Drew Shore, Nick Schmaltz
Custom OT Lines Defensemen
Seth Jones, Josh Morrissey, Brandon Montour, Travis Sanheim, Cody Ceci

Scratches
Petter Granberg (Healthy), Luke Glendening (Healthy)

% Time on Ice - Capitals

Lines # - Real PCT - Wanted PCT - Time Play
Normal Forward
1 - 40% - 40% - 17:57
2 - 28% - 30% - 12:20
3 - 19% - 20% - 8:19
4 - 13% - 10% - 5:56
Normal Defense
1 - 41% - 40% - 18:26
2 - 31% - 30% - 13:46
3 - 25% - 20% - 11:00
4 - 3% - 10% - 1:20
PP Forward
1 - 55% - 60% - 4:50
2 - 45% - 40% - 3:55
PP Defense
1 - 61% - 60% - 5:22
2 - 39% - 40% - 3:23
PK Forward
1 - 77% - 60% - 4:34
2 - 23% - 40% - 1:23
PK Defense
1 - 45% - 60% - 2:42
2 - 55% - 40% - 3:15
PK3 Forward
1 - 0% - 60%
2 - 0% - 40%
PK3 Defense
1 - 0% - 60%
2 - 0% - 40%
44 Forward
1 - 0% - 60%
2 - 0% - 40%
44 Defense
1 - 0% - 60%
2 - 0% - 40%
Last Minute Offensive  - 0:00
Last Minute Defensive  - 0:46
Total
Forward - 60:00
Defense - 60:00

% Time on Ice - Blues

Lines # - Real PCT - Wanted PCT - Time Play
Normal Forward
1 - 38% - 40% - 16:49
2 - 28% - 30% - 12:19
3 - 22% - 20% - 9:58
4 - 12% - 10% - 5:27
Normal Defense
1 - 42% - 40% - 18:50
2 - 31% - 30% - 13:40
3 - 22% - 20% - 9:49
4 - 5% - 10% - 2:14
PP Forward
1 - 64% - 60% - 3:48
2 - 36% - 40% - 2:09
PP Defense
1 - 55% - 60% - 3:16
2 - 45% - 40% - 2:41
PK Forward
1 - 77% - 60% - 6:42
2 - 23% - 40% - 2:03
PK Defense
1 - 65% - 60% - 5:39
2 - 35% - 40% - 3:06
PK3 Forward
1 - 0% - 60%
2 - 0% - 40%
PK3 Defense
1 - 0% - 60%
2 - 0% - 40%
44 Forward
1 - 0% - 60%
2 - 0% - 40%
44 Defense
1 - 0% - 60%
2 - 0% - 40%
Last Minute Offensive  - 0:45
Last Minute Defensive  - 0:00
Total
Forward - 60:00
Defense - 60:00

Play-by-Play

1st period


0:01 of 1st period - Nicklas Backstrom wins face-off versus Nathan MacKinnon in neutral zone.
0:09 of 1st period - Minor Penalty to Nathan MacKinnon for Delaying the game.
0:10 of 1st period - Nicklas Backstrom wins face-off versus Drew Shore in Blues zone.
0:36 of 1st period - Cody Hodgson is hit by Devin Shore and loses puck.
0:51 of 1st period - Cody Hodgson is hit by Devin Shore and loses puck.
0:58 of 1st period - Slapshot by Alexei Marchenko.
0:58 of 1st period - Stopped by Carey Price with a rebound.
1:00 of 1st period - Slapshot by Alexei Marchenko.
1:00 of 1st period - Stopped by Carey Price with a rebound.
1:04 of 1st period - Wrist shot by Bobby Ryan.
1:04 of 1st period - Stopped by Carey Price without a rebound.
1:05 of 1st period - Drew Shore wins face-off versus Nicklas Backstrom in Blues zone.
2:09 of 1st period - Penalty to Nathan MacKinnon is over, Nathan MacKinnon is back on ice.
2:37 of 1st period - Slapshot by Nathan MacKinnon.
2:37 of 1st period - Goal by Nathan MacKinnon - Capitals : 0 - Blues : 1.
2:38 of 1st period - Nathan MacKinnon wins face-off versus Nicklas Backstrom in neutral zone.
2:48 of 1st period - Off-side.
2:49 of 1st period - Nathan MacKinnon wins face-off versus Joe Colborne in neutral zone.
2:58 of 1st period - Snap shot by Nathan MacKinnon.
2:58 of 1st period - Stopped by Cory Schneider with a rebound.
3:00 of 1st period - Slapshot by Nathan MacKinnon.
3:00 of 1st period - Stopped by Cory Schneider without a rebound.
3:01 of 1st period - Nathan MacKinnon wins face-off versus Nicklas Backstrom in Capitals zone.
3:02 of 1st period - Snap shot by Filip Forsberg.
3:02 of 1st period - Shot Misses the Net.
3:06 of 1st period - Snap shot by Filip Forsberg.
3:06 of 1st period - Shot Blocked by Colten Teubert.
3:08 of 1st period - Slapshot by Josh Morrissey.
3:08 of 1st period - Shot Blocked by Brandon Burlon.
3:10 of 1st period - Slapshot by Brandon Montour.
3:10 of 1st period - Shot Misses the Net.
3:12 of 1st period - Slapshot by Brandon Montour.
3:12 of 1st period - Shot Misses the Net.
3:14 of 1st period - Slapshot by Brandon Montour.
3:14 of 1st period - Deflect By Nicklas Backstrom.
3:14 of 1st period - Stopped by Cory Schneider without a rebound.
3:15 of 1st period - Joe Colborne wins face-off versus Adam Henrique in Capitals zone.
3:15 of 1st period - Joe Colborne is hit by David Perron.
3:23 of 1st period - Slapshot by Brandon Gormley.
3:23 of 1st period - Shot Misses the Net.
3:25 of 1st period - Slapshot by Brandon Gormley.
3:25 of 1st period - Shot Misses the Net.
3:31 of 1st period - Wrist shot by Marko Dano.
3:31 of 1st period - Stopped by Carey Price without a rebound.
3:32 of 1st period - Nathan MacKinnon wins face-off versus Nicklas Backstrom in Blues zone.
3:49 of 1st period - Snap shot by Filip Forsberg.
3:49 of 1st period - Shot Blocked by Shea Theodore.
3:59 of 1st period - Jujhar Khaira is hit by Blake Pietila and loses puck.
4:14 of 1st period - Teuvo Teravainen is hit by Brandon Gormley and loses puck.
4:34 of 1st period - Icing by Alexei Marchenko.
4:35 of 1st period - Filip Forsberg wins face-off versus Cody Hodgson in Capitals zone.
4:42 of 1st period - Wrist shot by Filip Forsberg.
4:42 of 1st period - Shot Blocked by Brandon Gormley.
4:44 of 1st period - Slapshot by Cody Ceci.
4:44 of 1st period - Shot Hit the Post.
4:46 of 1st period - Slapshot by Seth Jones.
4:46 of 1st period - Shot Blocked by Brandon Gormley.
5:14 of 1st period - Dominik Simon is hit by Brandon Burlon and loses puck.
5:31 of 1st period - Snap shot by Nicolas Aube-Kubel.
5:31 of 1st period - Shot Blocked by Cody Ceci.
5:33 of 1st period - Slapshot by Mike Green.
5:33 of 1st period - Shot Misses the Net.
5:35 of 1st period - Wrist shot by Nicolas Aube-Kubel.
5:35 of 1st period - Shot Blocked by Seth Jones.
5:37 of 1st period - Slapshot by Mike Green.
5:37 of 1st period - Stopped by Carey Price with a rebound.
5:39 of 1st period - Slapshot by Shea Theodore.
5:39 of 1st period - Shot Blocked by Drew Shore.
5:41 of 1st period - Snap shot by Nicolas Aube-Kubel.
5:41 of 1st period - Shot Misses the Net.
5:43 of 1st period - Slapshot by Mike Green.
5:43 of 1st period - Stopped by Carey Price without a rebound.
5:44 of 1st period - Adam Henrique wins face-off versus Nicklas Backstrom in Blues zone.
5:49 of 1st period - Wrist shot by Nick Schmaltz.
5:49 of 1st period - Stopped by Cory Schneider without a rebound.
5:50 of 1st period - Adam Henrique wins face-off versus Nicklas Backstrom in Capitals zone.
5:57 of 1st period - Snap shot by Adam Henrique.
5:57 of 1st period - Shot Blocked by Brandon Burlon.
5:59 of 1st period - Slapshot by Nick Schmaltz.
5:59 of 1st period - Stopped by Cory Schneider with a rebound.
6:19 of 1st period - Snap shot by Bobby Ryan.
6:19 of 1st period - Shot Misses the Net.
6:21 of 1st period - Snap shot by Bobby Ryan.
6:21 of 1st period - Stopped by Carey Price with a rebound.
7:04 of 1st period - Patrick Kane is hit by Josh Morrissey and loses puck.
7:53 of 1st period - Josh Morrissey is hit by Phil Kessel and loses puck.
8:04 of 1st period - Snap shot by Marko Dano.
8:04 of 1st period - Stopped by Carey Price without a rebound.
8:05 of 1st period - Marko Dano wins face-off versus Devin Shore in Blues zone.
9:31 of 1st period - Sergey Kalinin is hit by Travis Sanheim.
9:53 of 1st period - Josh Morrissey is hit by Colten Teubert and loses puck.
10:02 of 1st period - Colten Teubert is hit by Josh Morrissey and loses puck.
10:23 of 1st period - Brandon Burlon is hit by Travis Sanheim and loses puck.
10:52 of 1st period - Colten Teubert is hit by Teuvo Teravainen and loses puck.
11:17 of 1st period - Wrist shot by Marko Dano.
11:17 of 1st period - Stopped by Carey Price with a rebound.
11:46 of 1st period - Wrist shot by Teuvo Teravainen.
11:46 of 1st period - Stopped by Cory Schneider with a rebound.
11:53 of 1st period - Off-side.
11:54 of 1st period - Nathan MacKinnon wins face-off versus Taylor Hall in neutral zone.
11:57 of 1st period - Snap shot by Nikolaj Ehlers.
11:57 of 1st period - Stopped by Cory Schneider with a rebound.
11:59 of 1st period - Slapshot by Ethan Bear.
11:59 of 1st period - Deflect By Nathan MacKinnon.
11:59 of 1st period - Shot Misses the Net.
11:59 of 1st period - Puck is out of play.
12:00 of 1st period - Nikolaj Ehlers wins face-off versus Nicklas Backstrom in Capitals zone.
12:03 of 1st period - Wrist shot by Filip Forsberg.
12:03 of 1st period - Shot Misses the Net.
12:05 of 1st period - Wrist shot by Nathan MacKinnon.
12:05 of 1st period - Stopped by Cory Schneider with a rebound.
12:23 of 1st period - Minor Penalty to Nikolaj Ehlers for Roughing.
12:24 of 1st period - Nick Schmaltz wins face-off versus Nicklas Backstrom in Blues zone.
12:39 of 1st period - Wrist shot by Alexei Marchenko.
12:39 of 1st period - Stopped by Carey Price with a rebound.
12:41 of 1st period - Backhand shot by Patrick Kane.
12:41 of 1st period - Shot Blocked by Cody Ceci.
14:23 of 1st period - Penalty to Nikolaj Ehlers is over, Nikolaj Ehlers is back on ice.
14:26 of 1st period - David Perron is hit by Joe Colborne and loses puck.
14:45 of 1st period - Wrist shot by David Perron.
14:45 of 1st period - Shot Blocked by Joe Colborne.
14:53 of 1st period - Snap shot by Nikolaj Ehlers.
14:53 of 1st period - Shot Hit the Post.
15:07 of 1st period - Snap shot by Joe Colborne.
15:07 of 1st period - Shot Misses the Net.
15:26 of 1st period - Wrist shot by Nikolaj Ehlers.
15:26 of 1st period - Shot Blocked by Brandon Burlon.
16:23 of 1st period - Snap shot by Nikolaj Ehlers.
16:23 of 1st period - Shot Blocked by Brandon Burlon.
16:25 of 1st period - Wrist shot by Filip Forsberg.
16:25 of 1st period - Shot Misses the Net.
16:27 of 1st period - Snap shot by Nikolaj Ehlers.
16:27 of 1st period - Stopped by Cory Schneider with a rebound.
16:29 of 1st period - Slapshot by Filip Forsberg.
16:29 of 1st period - Stopped by Cory Schneider without a rebound.
16:30 of 1st period - Devin Shore wins face-off versus Nicklas Backstrom in Capitals zone.
16:53 of 1st period - Minor Penalty to Taylor Hall for Hooking.
16:54 of 1st period - Patrick Kane wins face-off versus Nathan MacKinnon in Capitals zone.
18:03 of 1st period - Icing by Josh Morrissey.
18:04 of 1st period - Nathan MacKinnon wins face-off versus Patrick Kane in Blues zone.
18:04 of 1st period - Nathan MacKinnon is hit by Patrick Kane.
18:25 of 1st period - Icing by Nikolaj Ehlers.
18:26 of 1st period - Cody Hodgson wins face-off versus Adam Henrique in Blues zone.
18:53 of 1st period - Penalty to Taylor Hall is over, Taylor Hall is back on ice.
18:55 of 1st period - Icing by Travis Sanheim.
18:56 of 1st period - Nathan MacKinnon wins face-off versus Joe Colborne in Blues zone.
19:20 of 1st period - Snap shot by Jeff Skinner.
19:20 of 1st period - Stopped by Carey Price without a rebound.
19:21 of 1st period - Adam Henrique wins face-off versus Joe Colborne in Blues zone.
19:26 of 1st period - Slapshot by Seth Jones.
19:26 of 1st period - Stopped by Cory Schneider without a rebound.
19:27 of 1st period - Adam Henrique wins face-off versus Joe Colborne in Capitals zone.
19:32 of 1st period - Slapshot by Adam Henrique.
19:32 of 1st period - Shot Misses the Net.
19:35 of 1st period - Icing by Joe Colborne.
19:36 of 1st period - Joe Colborne wins face-off versus Jujhar Khaira in Capitals zone.
19:36 of 1st period - Joe Colborne is hit by Jujhar Khaira.
Goals for this period are 0 for Capitals vs 1 for Blues.
Shots for this period are 11 for Capitals vs 12 for Blues.

2nd period


0:01 of 2nd period - Nathan MacKinnon wins face-off versus Joe Colborne in neutral zone.
0:28 of 2nd period - Icing by Jujhar Khaira.
0:29 of 2nd period - Devin Shore wins face-off versus Nicklas Backstrom in Blues zone.
0:43 of 2nd period - Icing by Brandon Montour.
0:44 of 2nd period - Teuvo Teravainen wins face-off versus Nicolas Aube-Kubel in Blues zone.
0:44 of 2nd period - Teuvo Teravainen is hit by Nicolas Aube-Kubel.
1:10 of 2nd period - Brandon Gormley is hit by David Perron and loses puck.
1:15 of 2nd period - Slapshot by Adam Henrique.
1:15 of 2nd period - Stopped by Cory Schneider without a rebound.
1:16 of 2nd period - David Perron wins face-off versus Joe Colborne in Capitals zone.
1:51 of 2nd period - Wrist shot by Cody Hodgson.
1:51 of 2nd period - Shot Misses the Net.
1:53 of 2nd period - Slapshot by Blake Pietila.
1:53 of 2nd period - Shot Misses the Net.
1:55 of 2nd period - Wrist shot by Cody Hodgson.
1:55 of 2nd period - Deflect By Nicolas Aube-Kubel.
1:55 of 2nd period - Shot Blocked by Nick Schmaltz.
1:55 of 2nd period - Puck is out of play.
1:56 of 2nd period - Nathan MacKinnon wins face-off versus Nicklas Backstrom in Blues zone.
2:23 of 2nd period - Teuvo Teravainen is hit by Joe Colborne and loses puck.
3:06 of 2nd period - Slapshot by Shea Theodore.
3:06 of 2nd period - Deflect By Phil Kessel.
3:06 of 2nd period - Deflect By Brandon Montour.
3:06 of 2nd period - Shot Misses the Net.
3:06 of 2nd period - Puck is out of play.
3:07 of 2nd period - Sergey Kalinin wins face-off versus Adam Henrique in Blues zone.
3:10 of 2nd period - Wrist shot by Sergey Kalinin.
3:10 of 2nd period - Shot Blocked by Nick Schmaltz.
3:12 of 2nd period - Slapshot by Jeff Skinner.
3:12 of 2nd period - Shot Misses the Net.
3:14 of 2nd period - Snap shot by Sergey Kalinin.
3:14 of 2nd period - Goal by Sergey Kalinin - Capitals : 1 - Blues : 1.
3:15 of 2nd period - Nathan MacKinnon wins face-off versus Nicklas Backstrom in neutral zone.
3:41 of 2nd period - Icing by Cody Ceci.
3:42 of 2nd period - Joe Colborne wins face-off versus Devin Shore in Blues zone.
4:08 of 2nd period - Nikolaj Ehlers is hit by Nicklas Backstrom and loses puck.
4:19 of 2nd period - Snap shot by Taylor Hall.
4:19 of 2nd period - Stopped by Carey Price with a rebound.
4:35 of 2nd period - Snap shot by David Perron.
4:35 of 2nd period - Stopped by Cory Schneider with a rebound.
4:37 of 2nd period - Slapshot by Josh Morrissey.
4:37 of 2nd period - Stopped by Cory Schneider without a rebound.
4:38 of 2nd period - Joe Colborne wins face-off versus Adam Henrique in Capitals zone.
5:17 of 2nd period - Snap shot by Adam Henrique.
5:17 of 2nd period - Shot Misses the Net.
5:19 of 2nd period - Wrist shot by Nick Schmaltz.
5:19 of 2nd period - Shot Blocked by Brandon Gormley.
5:50 of 2nd period - Snap shot by Adam Henrique.
5:50 of 2nd period - Stopped by Cory Schneider with a rebound.
5:52 of 2nd period - Snap shot by Nick Schmaltz.
5:52 of 2nd period - Stopped by Cory Schneider with a rebound.
5:54 of 2nd period - Wrist shot by David Perron.
5:54 of 2nd period - Stopped by Cory Schneider without a rebound.
5:55 of 2nd period - Nicklas Backstrom wins face-off versus Nathan MacKinnon in Capitals zone.
6:04 of 2nd period - Slapshot by Filip Forsberg.
6:04 of 2nd period - Shot Blocked by Patrick Kane.
6:09 of 2nd period - Minor Penalty to Mike Green for Tripping.
6:10 of 2nd period - Nathan MacKinnon wins face-off versus Patrick Kane in Capitals zone.
7:28 of 2nd period - Ethan Bear is hit by Cody Hodgson and loses puck.
8:03 of 2nd period - Wrist shot by Dominik Simon.
8:03 of 2nd period - Stopped by Cory Schneider with a rebound.
8:09 of 2nd period - Penalty to Mike Green is over, Mike Green is back on ice.
8:15 of 2nd period - Slapshot by Shea Theodore.
8:15 of 2nd period - Stopped by Carey Price with a rebound.
8:21 of 2nd period - Brandon Burlon is hit by Josh Morrissey and loses puck.
8:36 of 2nd period - Slapshot by Phil Kessel.
8:36 of 2nd period - Shot Blocked by Nikolaj Ehlers.
8:38 of 2nd period - Snap shot by Shea Theodore.
8:38 of 2nd period - Deflect By Phil Kessel.
8:38 of 2nd period - Goal by Phil Kessel - Capitals : 2 - Blues : 1.
8:39 of 2nd period - Joe Colborne wins face-off versus Nikolaj Ehlers in neutral zone.
9:13 of 2nd period - Wrist shot by Phil Kessel.
9:13 of 2nd period - Stopped by Carey Price with a rebound.
9:15 of 2nd period - Slapshot by Alexei Marchenko.
9:15 of 2nd period - Stopped by Carey Price without a rebound.
9:16 of 2nd period - Devin Shore wins face-off versus Nicklas Backstrom in Blues zone.
9:16 of 2nd period - Devin Shore is hit by Brandon Burlon.
9:23 of 2nd period - Devin Shore is hit by Colten Teubert and loses puck.
10:15 of 2nd period - Snap shot by Dominik Simon.
10:15 of 2nd period - Stopped by Cory Schneider without a rebound.
10:16 of 2nd period - Nicklas Backstrom wins face-off versus Nathan MacKinnon in Capitals zone.
11:56 of 2nd period - Slapshot by Filip Forsberg.
11:56 of 2nd period - Stopped by Cory Schneider without a rebound.
11:57 of 2nd period - Devin Shore wins face-off versus Nicklas Backstrom in Capitals zone.
12:02 of 2nd period - Snap shot by Jujhar Khaira.
12:02 of 2nd period - Shot Misses the Net.
12:20 of 2nd period - Minor Penalty to Josh Morrissey for Tripping.
12:21 of 2nd period - Nicklas Backstrom wins face-off versus Drew Shore in Blues zone.
12:30 of 2nd period - Wrist shot by Patrick Kane.
12:30 of 2nd period - Stopped by Carey Price with a rebound.
12:32 of 2nd period - Snap shot by Patrick Kane.
12:32 of 2nd period - Capitals goal is going for a video replay.
12:32 of 2nd period - The goal is good.
12:32 of 2nd period - Goal by Patrick Kane - Capitals : 3 - Blues : 1.
12:33 of 2nd period - Nathan MacKinnon wins face-off versus Nicklas Backstrom in neutral zone.
12:44 of 2nd period - Snap shot by Filip Forsberg.
12:44 of 2nd period - Deflect By Alexei Marchenko.
12:44 of 2nd period - Stopped by Cory Schneider with a rebound.
12:52 of 2nd period - Seth Jones is hit by Patrick Kane and loses puck.
13:47 of 2nd period - David Perron is hit by Phil Kessel and loses puck.
14:30 of 2nd period - Slapshot by Blake Pietila.
14:30 of 2nd period - Stopped by Carey Price without a rebound.
14:31 of 2nd period - Devin Shore wins face-off versus Cody Hodgson in Blues zone.
14:44 of 2nd period - Wrist shot by Nicolas Aube-Kubel.
14:44 of 2nd period - Stopped by Carey Price without a rebound.
14:45 of 2nd period - Nathan MacKinnon wins face-off versus Nicklas Backstrom in Blues zone.
14:50 of 2nd period - Patrick Kane is hit by Nikolaj Ehlers and loses puck.
14:55 of 2nd period - Wrist shot by Nathan MacKinnon.
14:55 of 2nd period - Shot Blocked by Alexei Marchenko.
14:57 of 2nd period - Wrist shot by Nathan MacKinnon.
14:57 of 2nd period - Goal by Nathan MacKinnon - Capitals : 3 - Blues : 2.
14:58 of 2nd period - Nathan MacKinnon wins face-off versus Joe Colborne in neutral zone.
15:34 of 2nd period - Backhand shot by Devin Shore.
15:34 of 2nd period - Shot Blocked by Alexei Marchenko.
15:49 of 2nd period - Minor Penalty to Nicolas Aube-Kubel for High sticking.
15:50 of 2nd period - Patrick Kane wins face-off versus Nathan MacKinnon in Capitals zone.
16:00 of 2nd period - Slapshot by Seth Jones.
16:00 of 2nd period - Stopped by Cory Schneider without a rebound.
16:01 of 2nd period - Patrick Kane wins face-off versus Nathan MacKinnon in Capitals zone.
16:07 of 2nd period - Icing by Ethan Bear.
16:08 of 2nd period - Patrick Kane wins face-off versus Nathan MacKinnon in Blues zone.
16:50 of 2nd period - Off-side.
16:51 of 2nd period - Adam Henrique wins face-off versus Patrick Kane in neutral zone.
17:28 of 2nd period - Snap shot by Marko Dano.
17:28 of 2nd period - Shot Misses the Net.
17:49 of 2nd period - Penalty to Nicolas Aube-Kubel is over, Nicolas Aube-Kubel is back on ice.
18:46 of 2nd period - Wrist shot by Blake Pietila.
18:46 of 2nd period - Stopped by Carey Price without a rebound.
18:46 of 2nd period - Minor Penalty to Carey Price for Slashing.
18:47 of 2nd period - Cody Hodgson wins face-off versus Drew Shore in Blues zone.
Goals for this period are 3 for Capitals vs 1 for Blues.
Shots for this period are 11 for Capitals vs 12 for Blues.

3rd period


0:01 of 3rd period - Drew Shore wins face-off versus Nicklas Backstrom in neutral zone.
0:12 of 3rd period - Slapshot by Alexei Marchenko.
0:12 of 3rd period - Stopped by Carey Price with a rebound.
0:14 of 3rd period - Slapshot by Alexei Marchenko.
0:14 of 3rd period - Stopped by Carey Price with a rebound.
0:26 of 3rd period - Cody Ceci is hit by Bobby Ryan and loses puck.
0:46 of 3rd period - Penalty to Nikolaj Ehlers is over, Nikolaj Ehlers is back on ice.
0:57 of 3rd period - Snap shot by Seth Jones.
0:57 of 3rd period - Stopped by Cory Schneider without a rebound.
0:58 of 3rd period - Nathan MacKinnon wins face-off versus Sergey Kalinin in Capitals zone.
1:01 of 3rd period - Snap shot by Filip Forsberg.
1:01 of 3rd period - Shot Misses the Net.
1:03 of 3rd period - Wrist shot by Filip Forsberg.
1:03 of 3rd period - Goal by Filip Forsberg - Capitals : 3 - Blues : 3.
1:04 of 3rd period - Nicklas Backstrom wins face-off versus Nathan MacKinnon in neutral zone.
1:17 of 3rd period - Slapshot by Nicklas Backstrom.
1:17 of 3rd period - Stopped by Carey Price with a rebound.
1:19 of 3rd period - Wrist shot by Patrick Kane.
1:19 of 3rd period - Stopped by Carey Price without a rebound.
1:20 of 3rd period - Devin Shore wins face-off versus Joe Colborne in Blues zone.
1:29 of 3rd period - Snap shot by Joe Colborne.
1:29 of 3rd period - Shot Misses the Net.
1:35 of 3rd period - Bobby Ryan is hit by Seth Jones and loses puck.
1:55 of 3rd period - Minor Penalty to Seth Jones for Tripping.
1:56 of 3rd period - Nicklas Backstrom wins face-off versus Drew Shore in Blues zone.
2:32 of 3rd period - Snap shot by Marko Dano.
2:32 of 3rd period - Goal by Marko Dano - Capitals : 4 - Blues : 3.
2:33 of 3rd period - Nathan MacKinnon wins face-off versus Nicklas Backstrom in neutral zone.
2:36 of 3rd period - Wrist shot by Nathan MacKinnon.
2:36 of 3rd period - Stopped by Cory Schneider without a rebound.
2:37 of 3rd period - Nicklas Backstrom wins face-off versus Nathan MacKinnon in Capitals zone.
2:37 of 3rd period - Nicklas Backstrom is hit by Nikolaj Ehlers.
2:51 of 3rd period - Slapshot by Nikolaj Ehlers.
2:51 of 3rd period - Shot Misses the Net.
3:15 of 3rd period - Slapshot by Brandon Gormley.
3:15 of 3rd period - Stopped by Carey Price without a rebound.
3:16 of 3rd period - Nathan MacKinnon wins face-off versus Cody Hodgson in Blues zone.
3:20 of 3rd period - Off-side.
3:21 of 3rd period - Nathan MacKinnon wins face-off versus Cody Hodgson in neutral zone.
3:47 of 3rd period - Off-side.
3:48 of 3rd period - Nicklas Backstrom wins face-off versus Adam Henrique in neutral zone.
3:54 of 3rd period - Icing by Cody Ceci.
3:55 of 3rd period - Nicklas Backstrom wins face-off versus Adam Henrique in Blues zone.
4:24 of 3rd period - Snap shot by Nick Schmaltz.
4:24 of 3rd period - Shot Blocked by Brandon Gormley.
4:26 of 3rd period - Slapshot by Cody Ceci.
4:26 of 3rd period - Shot Misses the Net.
4:28 of 3rd period - Snap shot by David Perron.
4:28 of 3rd period - Stopped by Cory Schneider with a rebound.
5:13 of 3rd period - Snap shot by Nick Schmaltz.
5:13 of 3rd period - Shot Blocked by Alexei Marchenko.
5:15 of 3rd period - Snap shot by Nick Schmaltz.
5:15 of 3rd period - Stopped by Cory Schneider without a rebound.
5:16 of 3rd period - Joe Colborne wins face-off versus Nathan MacKinnon in Capitals zone.
5:21 of 3rd period - Snap shot by Marko Dano.
5:21 of 3rd period - Stopped by Carey Price without a rebound.
5:22 of 3rd period - Joe Colborne wins face-off versus Nathan MacKinnon in Blues zone.
5:37 of 3rd period - Travis Sanheim is hit by Bobby Ryan.
5:50 of 3rd period - Off-side.
5:51 of 3rd period - Cody Hodgson wins face-off versus Devin Shore in neutral zone.
6:37 of 3rd period - Alexei Marchenko is hit by Josh Morrissey and loses puck.
6:48 of 3rd period - Slapshot by Jordan Kyrou.
6:48 of 3rd period - Shot Blocked by Alexei Marchenko.
6:50 of 3rd period - Snap shot by Josh Morrissey.
6:50 of 3rd period - Deflect By Drew Shore.
6:50 of 3rd period - Shot Misses the Net.
6:50 of 3rd period - Puck is out of play.
6:51 of 3rd period - Nathan MacKinnon wins face-off versus Joe Colborne in Capitals zone.
6:58 of 3rd period - Wrist shot by Marko Dano.
6:58 of 3rd period - Deflect By Joe Colborne.
6:58 of 3rd period - Goal by Joe Colborne - Capitals : 5 - Blues : 3.
6:59 of 3rd period - Filip Forsberg wins face-off versus Nicklas Backstrom in neutral zone.
7:25 of 3rd period - Alexei Marchenko is hit by Devin Shore and loses puck.
7:55 of 3rd period - Wrist shot by Nick Schmaltz.
7:55 of 3rd period - Stopped by Cory Schneider with a rebound.
8:29 of 3rd period - Sergey Kalinin is hit by Ethan Bear.
9:13 of 3rd period - Brandon Burlon is hit by Teuvo Teravainen and loses puck.
9:44 of 3rd period - Slapshot by Joe Colborne.
9:44 of 3rd period - Stopped by Carey Price with a rebound.
9:46 of 3rd period - Slapshot by Brandon Burlon.
9:46 of 3rd period - Shot Misses the Net.
9:56 of 3rd period - Wrist shot by Marko Dano.
9:56 of 3rd period - Shot Misses the Net.
9:58 of 3rd period - Wrist shot by Brandon Burlon.
9:58 of 3rd period - Shot Misses the Net.
10:04 of 3rd period - Snap shot by Joe Colborne.
10:04 of 3rd period - Stopped by Carey Price without a rebound.
10:05 of 3rd period - Nathan MacKinnon wins face-off versus Nicklas Backstrom in Blues zone.
10:18 of 3rd period - Snap shot by Taylor Hall.
10:18 of 3rd period - Stopped by Carey Price without a rebound.
10:19 of 3rd period - Nicklas Backstrom wins face-off versus Nathan MacKinnon in Blues zone.
11:31 of 3rd period - Icing by Nicklas Backstrom.
11:32 of 3rd period - Nathan MacKinnon wins face-off versus Nicklas Backstrom in Capitals zone.
12:04 of 3rd period - Slapshot by Adam Henrique.
12:04 of 3rd period - Stopped by Cory Schneider with a rebound.
12:06 of 3rd period - Snap shot by David Perron.
12:06 of 3rd period - Stopped by Cory Schneider with a rebound.
12:08 of 3rd period - Slapshot by David Perron.
12:08 of 3rd period - Stopped by Cory Schneider without a rebound.
12:09 of 3rd period - Nathan MacKinnon wins face-off versus Joe Colborne in Capitals zone.
12:36 of 3rd period - Jujhar Khaira is hit by Blake Pietila and loses puck.
13:44 of 3rd period - Snap shot by Brandon Montour.
13:44 of 3rd period - Shot Misses the Net.
13:46 of 3rd period - Slapshot by Jujhar Khaira.
13:46 of 3rd period - Stopped by Cory Schneider without a rebound.
13:47 of 3rd period - Joe Colborne wins face-off versus Nathan MacKinnon in Capitals zone.
14:12 of 3rd period - Icing by Marko Dano.
14:13 of 3rd period - Joe Colborne wins face-off versus Adam Henrique in Capitals zone.
15:36 of 3rd period - Slapshot by Brandon Burlon.
15:36 of 3rd period - Stopped by Carey Price without a rebound.
15:37 of 3rd period - Adam Henrique wins face-off versus Nicklas Backstrom in Blues zone.
16:22 of 3rd period - Taylor Hall is hit by Cody Ceci and loses puck.
16:27 of 3rd period - Snap shot by Nick Schmaltz.
16:27 of 3rd period - Stopped by Cory Schneider with a rebound.
16:29 of 3rd period - Wrist shot by Nick Schmaltz.
16:29 of 3rd period - Shot Misses the Net.
16:31 of 3rd period - Snap shot by David Perron.
16:31 of 3rd period - Goal by David Perron - Capitals : 5 - Blues : 4.
16:32 of 3rd period - Nathan MacKinnon wins face-off versus Cody Hodgson in neutral zone.
16:37 of 3rd period - Snap shot by Nathan MacKinnon.
16:37 of 3rd period - Shot Blocked by Mike Green.
17:14 of 3rd period - Minor Penalty to Drew Shore for Tripping.
17:15 of 3rd period - Nicklas Backstrom wins face-off versus Filip Forsberg in Blues zone.
18:17 of 3rd period - Icing by Mike Green.
18:18 of 3rd period - Adam Henrique wins face-off versus Cody Hodgson in Capitals zone.
18:52 of 3rd period - Slapshot by David Perron.
18:52 of 3rd period - Stopped by Cory Schneider without a rebound.
18:53 of 3rd period - Paul Kariya call a timeout for Blues.
18:53 of 3rd period - Filip Forsberg wins face-off versus Nicklas Backstrom in Capitals zone.
19:14 of 3rd period - Penalty to Drew Shore is over, Drew Shore is back on ice.
19:22 of 3rd period - Blues, Carey Price is pulled from the net.
19:38 of 3rd period - Wrist shot by Filip Forsberg.
19:38 of 3rd period - Shot Misses the Net.
Goals for this period are 2 for Capitals vs 2 for Blues.
Shots for this period are 12 for Capitals vs 13 for Blues.